[Event "Titled Tuesday Blitz July 26 Early 2022"]
[White "Lashkin, Jegor"]
[Black "Shvedova, Alexandra"]
[WhiteFideId "13907808"]
[BlackFideId "54154782"]
[WhiteElo "2368"]
[BlackElo "1896"]
[Result "0-1"]
[Round "04"]
[TimeControl "180+1"]
[Date "2022.07.27"]
[WhiteClock "0:00:01"]
[BlackClock "0:00:07"]

1. e4 c5 2. Nc3 Nc6 3. Bb5 Nd4 4. Nf3 g6 5. Nxd4 cxd4 6. Ne2 Bg7 7. O-O a6 8. Bc4 e6 9. c3 b5 10. Bb3 dxc3 11. dxc3 Bb7 12. Ng3 Nf6 13. e5 Nd5 14. Ne4 Bxe5 15. Bg5 f6 16. Bh6 f5 17. Bg5 Qc7 18. Ng3 O-O 19. Re1 Bg7 20. Bd2 Nf6 21. Qe2 Ne4 22. Rad1 Kh8 23. Nxe4 Bxe4 24. f3 Bc6 25. Be3 d5 26. Bd4 Rae8 27. Qf2 e5 28. Bc5 Rf7 29. Bxd5 Bxd5 30. Rxd5 Rd7 31. Red1 Rxd5 32. Rxd5 Qf7 33. Qd2 e4 34. fxe4 fxe4 35. Be3 Rf8 36. Qd1 h5 37. h3 Kh7 38. a3 Qe6 39. Rd7 Rf7 40. Rd6 Qc8 41. Qd5 Qf8 42. Qd1 Qc8 43. Qe2 Be5 44. Rd5 Qf5 45. Rd1 Qe6 46. Bc5 Qc6 47. Bd4 Bb8 48. Bf2 Qc7 49. g3 Qc6 50. Rd4 Ba7 51. b4 Bxd4 52. Bxd4 Qd5 53. Kh2 Qf5 54. Kg1 Qxh3 55. Qg2 Qf5 56. Qe2 Qf3 57. Qe1 Qg4 58. Be5 h4 59. Kg2 h3+ 60. Kh2 Qf3 61. Bf4 Qg2# 0-1


[Site "https://www.chess.com"]

[Event "Titled Tuesday Blitz July 26 Early 2022"]
[White "Le, Tuan Minh"]
[Black "Seo, Jung Min"]
[WhiteFideId "12401153"]
[BlackFideId "1734687"]
[WhiteElo "2530"]
[BlackElo "2414"]
[Result "1-0"]
[Round "04"]
[TimeControl "180+1"]
[Date "2022.07.26"]
[WhiteClock "0:00:40"]
[BlackClock "0:01:41"]

1. d4 Nf6 2. Nf3 e6 3. Bf4 b6 4. e3 Bb7 5. Bd3 Bd6 6. Bg3 O-O 7. Nbd2 Re8 8. e4 Be7 9. Bh4 Ba6 10. Bxa6 Nxa6 11. O-O d5 12. e5 Nd7 13. Bxe7 Qxe7 14. Qe2 Nab8 15. c3 c5 16. h4 Nc6 17. a3 Rac8 18. Rfe1 cxd4 19. cxd4 Na5 20. Nf1 Rc7 21. Qd3 Rec8 22. Ng3 Nf8 23. h5 h6 24. Ne2 Qd7 25. g4 Qa4 26. b4 Qb3 27. Qxb3 Nxb3 28. Rab1 1-0


[Site "https://www.chess.com"]

[Event "Titled Tuesday Blitz July 26 Early 2022"]
[White "Madaminov, Mukhiddin"]
[Black "Omariev, Maksim"]
[WhiteFideId "14210703"]
[BlackFideId "4193423"]
[WhiteElo "2011"]
[BlackElo "2506"]
[Result "1-0"]
[Round "04"]
[TimeControl "180+1"]
[Date "2022.07.27"]
[WhiteClock "0:00:18"]
[BlackClock "0:00:02"]

1. d4 d5 2. Nc3 Nf6 3. Bf4 Bf5 4. f3 e6 5. g4 Bg6 6. h4 h5 7. g5 Nfd7 8. e3 a6 9. Bd3 Bxd3 10. Qxd3 g6 11. e4 c6 12. O-O-O Bg7 13. Nge2 b5 14. Kb1 Nb6 15. Nc1 b4 16. N3e2 a5 17. Nb3 N8d7 18. c3 a4 19. Nd2 Qe7 20. cxb4 Qxb4 21. Rc1 c5 22. Bd6 Rc8 23. a3 Qa5 24. exd5 Nxd5 25. Ne4 Ne7 26. Nxc5 Nxc5 27. Rxc5 Rd8 28. Bc7 Rb8 29. Bxa5 Nd5 30. Bd2 Ke7 31. Rxd5 exd5 32. Bb4+ Ke6 33. Nc3 Rhd8 34. Re1+ Kd7 35. Qa6 Rdc8 36. Qd6# 1-0


[Site "https://www.chess.com"]

[Event "Titled Tuesday Blitz July 26 Early 2022"]
[White "Makarian, Rudik"]
[Black "Zeynalli, Rashad"]
[WhiteFideId "44105681"]
[BlackFideId "13403320"]
[WhiteElo "2403"]
[BlackElo "2125"]
[Result "1-0"]
[Round "04"]
[TimeControl "180+1"]
[Date "2022.07.27"]
[WhiteClock "0:00:11"]
[BlackClock "0:00:02"]

1. d3 d5 2. f4 Nf6 3. Nf3 e6 4. g3 Be7 5. Bg2 O-O 6. O-O c5 7. e3 Nc6 8. b3 Nd7 9. Bb2 Bf6 10. Nc3 b5 11. e4 b4 12. Na4 Bxb2 13. Nxb2 Nb6 14. exd5 exd5 15. a3 Qf6 16. d4 bxa3 17. Rxa3 cxd4 18. Nd3 Bg4 19. Qa1 Bxf3 20. Bxf3 Rfe8 21. b4 Nc4 22. Ra6 Ne3 23. b5 Nxf1 24. Rxc6 Re6 25. Bxd5 Rxc6 26. Bxc6 Rd8 27. Qxf1 Qe7 28. Kg2 h5 29. Ne5 Qc5 30. Qc4 Qxc4 31. Nxc4 d3 32. cxd3 Rxd3 33. Ne5 Rd2+ 34. Kg1 Kf8 35. Bf3 g6 36. Nc6 Ra2 37. Bd5 Ra1+ 38. Kf2 Kg7 39. Ne5 Rb1 40. Bc6 Kf8 41. h4 Rb2+ 42. Ke3 Rb3+ 43. Nd3 Ke7 44. Kd4 Rb1 45. Ne5 Rd1+ 46. Kc5 Rc1+ 47. Kb4 Rb1+ 48. Kc5 Rc1+ 49. Kd4 Rd1+ 50. Ke3 Re1+ 51. Kf2 Rb1 52. Nd3 Rb3 53. Ke3 Kd6 54. Kd4 Rb1 55. Bd5 Rxb5 56. Bxf7 Rb1 57. Bxg6 a5 58. Bxh5 a4 59. Bf7 a3 60. Ne5 1-0


[Site "https://www.chess.com"]

[Event "Titled Tuesday Blitz July 26 Early 2022"]
[White "Makovec, Bruno"]
[Black "Korchmar, Vasiliy"]
[WhiteFideId "14536331"]
[BlackFideId "24131750"]
[WhiteElo "2316"]
[BlackElo "2370"]
[Result "1-0"]
[Round "04"]
[TimeControl "180+1"]
[Date "2022.07.27"]
[WhiteClock "0:00:18"]
[BlackClock "0:00:07"]

1. d4 d5 2. Nf3 Nf6 3. c4 c6 4. e3 e6 5. b3 Ne4 6. Bd3 Bb4+ 7. Nbd2 Nd7 8. O-O f5 9. a3 Bd6 10. Bb2 Qf6 11. b4 O-O 12. b5 g5 13. Rc1 g4 14. Ne1 Bxh2+ 15. Kxh2 Qh4+ 16. Kg1 Rf6 17. g3 Qh3 18. Ng2 Rh6 19. Nh4 Nf8 20. Re1 Nxg3 21. fxg3 Qxg3+ 22. Ng2 Ng6 23. Nf1 Qh3 24. Rc2 g3 25. Nxg3 Qxg3 26. Rf2 Bd7 27. Qf3 Qh2+ 28. Kf1 cxb5 29. cxb5 Rc8 30. Nf4 Qh1+ 31. Ke2 Qxf3+ 32. Rxf3 Rh2+ 33. Rf2 Nxf4+ 34. exf4 Rh3 35. Kd2 Kf7 36. Rfe2 Rg8 37. Re3 Rg2+ 38. R1e2 Rxe2+ 39. Rxe2 Rh4 40. Ke3 Rh3+ 41. Kd2 Rh4 42. Rf2 h5 43. Bc1 Rh1 44. Rf1 Rh2+ 45. Kc3 h4 46. Be3 Rh3 47. Kd2 Rh2+ 48. Ke1 Ra2 49. Rh1 Rxa3 50. Ke2 Ra2+ 51. Bd2 a6 52. bxa6 bxa6 53. Rxh4 Bb5 54. Bxb5 axb5 55. Rh7+ Kg6 56. Rb7 Rb2 57. Kd3 Kf6 58. Kc3 Rb1 59. Kc2 Rf1 60. Rxb5 Rf2 61. Rb6 Re2 62. Kd3 Rf2 63. Rb8 Rf3+ 64. Be3 Rf1 65. Rf8+ Ke7 66. Rg8 Re1 67. Rg7+ Kd6 68. Bd2 Rf1 69. Bb4+ Kc6 70. Re7 Rf3+ 71. Ke2 Rxf4 72. Rxe6+ Kb5 73. Bc5 Kc4 74. Ke3 Re4+ 75. Rxe4 fxe4 76. Ba7 Kc3 77. Bb8 Kc4 78. Be5 Kc3 79. Bf6 Kc4 80. Kd2 Kb3 81. Be7 Kc4 82. Bc5 Kb3 83. Ke3 Kc4 84. Be7 Kc3 85. Bh4 Kc4 86. Bf2 Kc3 87. Kf4 1-0


[Site "https://www.chess.com"]

[Event "Titled Tuesday Blitz July 26 Early 2022"]
[White "Martinez Alcantara, Jose Eduardo"]
[Black "Maksimovic, Bojan"]
[WhiteFideId "3805662"]
[BlackFideId "14408120"]
[WhiteElo "2703"]
[BlackElo "2453"]
[Result "1/2-1/2"]
[Round "04"]
[TimeControl "180+1"]
[Date "2022.07.26"]
[WhiteClock "0:00:03"]
[BlackClock "0:00:03"]

1. e4 c5 2. Nf3 Nc6 3. c3 e5 4. Bc4 Nf6 5. d3 Be7 6. O-O O-O 7. Re1 d6 8. Nbd2 a6 9. a4 h6 10. Nf1 Be6 11. Ne3 Na5 12. Bxe6 fxe6 13. Bd2 Nc6 14. Qb3 Qd7 15. Nc4 Bd8 16. Qa2 Kh7 17. b4 cxb4 18. cxb4 Bc7 19. Qb2 b5 20. axb5 axb5 21. Ne3 Rxa1 22. Rxa1 Nh5 23. Nc2 Bb6 24. Be3 Bxe3 25. fxe3 Ne7 26. Rf1 Ng6 27. Na1 Qe7 28. Nb3 Nh4 29. Nbd2 Nxf3+ 30. Nxf3 Qa7 31. Qf2 Nf6 32. h3 Qa3 33. Qd2 Rc8 34. g4 Qc3 35. Qe2 Qc2 36. Qxc2 Rxc2 37. Ra1 Rc3 38. Ne1 d5 39. exd5 Nxd5 40. Kf2 Nxb4 41. Ke2 Nd5 42. Kd2 b4 43. Ra5 Rb3 44. Kc2 Rc3+ 45. Kd2 Ra3 46. Rb5 Ra2+ 47. Nc2 Nxe3 48. Kxe3 Rxc2 49. Rxe5 Rh2 50. Rxe6 Rxh3+ 51. Ke4 Rg3 52. d4 Rxg4+ 53. Ke5 Rg5+ 54. Ke4 Rb5 55. Rc6 b3 56. Rc1 b2 57. Rb1 h5 58. d5 Kg8 59. Kd4 Rb8 60. Kc5 Kf8 61. Kd6 Ke8 62. Kc7 Rb3 63. Re1+ Kf7 64. Rf1+ Kg6 65. Rb1 Kf6 66. d6 Rc3+ 67. Kd8 Rb3 68. Kc7 Rc3+ 69. Kd8 Rb3 70. Kc7 1/2-1/2


[Site "https://www.chess.com"]

[Event "Titled Tuesday Blitz July 26 Early 2022"]
[White "Melkumyan, Hrant"]
[Black "Arias, Juan Cruz"]
[WhiteFideId "13302485"]
[BlackFideId "118540"]
[WhiteElo "2604"]
[BlackElo "2091"]
[Result "1-0"]
[Round "04"]
[TimeControl "180+1"]
[Date "2022.07.26"]
[WhiteClock "0:01:23"]
[BlackClock "0:00:36"]

1. e4 e6 2. d4 d5 3. exd5 exd5 4. Nf3 Bd6 5. c4 Nf6 6. c5 Be7 7. Nc3 b6 8. cxb6 axb6 9. Bd3 O-O 10. O-O h6 11. Re1 Be6 12. Bf4 c5 13. dxc5 bxc5 14. Ne5 Re8 15. Qf3 Qb6 16. b3 Nbd7 17. Rad1 Nf8 18. h3 Red8 19. Bb1 Rac8 20. g4 d4 21. Ne4 Nxe4 22. Bxe4 Qa6 23. a4 Qb6 24. Rb1 Bd6 25. Bd3 Qc7 26. Bg3 Re8 27. Bb5 Red8 28. Re2 f6 29. Nc6 Re8 30. Rbe1 Bf7 31. Bxd6 Qxd6 32. Ne7+ Rxe7 33. Rxe7 Ng6 34. Rxf7 Kxf7 35. Bc4+ Kf8 36. Qf5 1-0


[Site "https://www.chess.com"]

[Event "Titled Tuesday Blitz July 26 Early 2022"]
[White "Mikhalsky, Vladimir"]
[Black "Lianes Garcia, Marcos"]
[WhiteFideId "14144352"]
[BlackFideId "32060777"]
[WhiteElo "2301"]
[BlackElo "2334"]
[Result "0-1"]
[Round "04"]
[TimeControl "180+1"]
[Date "2022.07.27"]
[WhiteClock "0:00:05"]
[BlackClock "0:00:13"]

1. d4 g6 2. e4 Bg7 3. Nc3 c5 4. d5 d6 5. a4 Nf6 6. Nf3 O-O 7. h3 e6 8. Be2 exd5 9. exd5 Na6 10. O-O Nb4 11. Bc4 Bf5 12. Ne1 Re8 13. g4 Bc8 14. Ng2 h5 15. g5 Ne4 16. Ra3 Nxg5 17. Bxg5 Qxg5 18. Nb5 Qd8 19. c3 Na6 20. h4 Nc7 21. Qf3 a6 22. Nxc7 Qxc7 23. Bd3 Bg4 24. Qg3 c4 25. Bc2 Qc5 26. Ne3 Bd7 27. Raa1 Re5 28. Qf4 Rae8 29. Qxc4 Qa7 30. Qf4 R8e7 31. Rad1 Kh7 32. Nc4 Re2 33. Bd3 R2e5 34. Nxe5 Bxe5 35. Qg5 Re8 36. Rde1 Bh3 37. Qxh5+ Kg7 38. Qf3 Bxf1 39. Kxf1 Rh8 40. Qg4 Qb8 41. Re3 Qd8 42. Rh3 Qf6 43. h5 g5 44. Qe4 Rh6 45. Ke2 Bf4 46. Qe8 Rh8 47. Qe4 a5 48. Qf5 b6 49. h6+ Rxh6 50. Qxf6+ Rxf6 51. Be4 Be5 52. f3 Rf4 53. Rh1 f5 54. Bd3 Bf6 55. c4 Bxb2 56. Rb1 Bd4 57. Rg1 Bxg1 58. Kf1 Bc5 59. Ke2 Kf6 60. Kd2 Ke5 61. Ke2 g4 62. fxg4 fxg4 63. Kd2 g3 64. Ke2 g2 0-1


[Site "https://www.chess.com"]

[Event "Titled Tuesday Blitz July 26 Early 2022"]
[White "Molina, Roberto Junio Brito"]
[Black "Hakobyan, Aram"]
[WhiteFideId "2109450"]
[BlackFideId "13306677"]
[WhiteElo "2432"]
[BlackElo "2557"]
[Result "0-1"]
[Round "04"]
[TimeControl "180+1"]
[Date "2022.07.26"]
[WhiteClock "0:01:04"]
[BlackClock "0:01:28"]

1. d4 d5 2. e3 Bf5 3. Nf3 e6 4. Bd3 Bd6 5. Bxf5 exf5 6. c4 dxc4 7. Qa4+ c6 8. Qxc4 Nf6 9. b3 O-O 10. O-O Nbd7 11. Ba3 Bxa3 12. Nxa3 Qe7 13. Qc1 Nd5 14. Nc4 Rfe8 15. Re1 N7f6 16. g3 Ne4 17. Ncd2 h5 18. Nxe4 fxe4 19. Nd2 h4 20. Qd1 Qg5 21. Qe2 Re6 22. Rac1 Rae8 23. Rc5 hxg3 24. fxg3 f5 25. Qf2 Rg6 26. Kh1 Rh6 27. Kg1 Qg6 28. a3 Rf8 29. Nc4 f4 30. exf4 Nxf4 31. Qe3 Nh3+ 32. Kh1 Rf3 33. Qe2 Nf2+ 34. Kg1 Rxg3+ 35. Kxf2 Rxh2+ 0-1


[Site "https://www.chess.com"]

[Event "Titled Tuesday Blitz July 26 Early 2022"]
[White "Nakamura, Hikaru"]
[Black "Ibarra Jerez, Jose Carlos"]
[WhiteFideId "2016192"]
[BlackFideId "2226332"]
[WhiteElo "2850"]
[BlackElo "2628"]
[Result "1-0"]
[Round "04"]
[TimeControl "180+1"]
[Date "2022.07.26"]
[WhiteClock "0:01:06"]
[BlackClock "0:01:30"]

1. g3 Nf6 2. Bg2 g6 3. d3 d5 4. Bd2 Bg7 5. Qc1 h5 6. h3 c5 7. c4 O-O 8. Nf3 Nc6 9. O-O d4 10. Na3 e5 11. Bg5 Re8 12. Nc2 Bf5 13. Nd2 Qd7 14. Bxf6 Bxf6 15. Kh2 Bg5 16. Qd1 Kg7 17. Ne4 Be7 18. a3 a5 19. h4 a4 20. Ne1 Ra6 21. b3 axb3 22. Qxb3 Rea8 23. Nf3 f6 24. Rfb1 R8a7 25. Qb2 Be6 26. Qc1 Bf7 27. Rb5 b6 28. Rab1 Qc7 29. Qb2 Rxa3 30. Rxb6 Nb4 31. Rb5 Ra2 32. Qb3 Rxe2 33. Nfd2 Ra2 34. Rxb4 cxb4 35. Qxa2 f5 36. Bf3 1-0


[Site "https://www.chess.com"]

[Event "Titled Tuesday Blitz July 26 Early 2022"]
[White "Nasuta, Grzegorz"]
[Black "Derjabin, Ilja"]
[WhiteFideId "1141686"]
[BlackFideId "14104768"]
[WhiteElo "2366"]
[BlackElo "2341"]
[Result "1/2-1/2"]
[Round "04"]
[TimeControl "180+1"]
[Date "2022.07.27"]
[WhiteClock "0:00:13"]
[BlackClock "0:00:03"]

1. e4 e6 2. d4 d5 3. Nc3 Nf6 4. Bg5 Be7 5. e5 Ne4 6. Bxe7 Qxe7 7. Nxe4 dxe4 8. c3 O-O 9. Bc4 c5 10. Ne2 cxd4 11. Qxd4 Nc6 12. Qxe4 Qc5 13. f4 Rd8 14. Bd3 g6 15. O-O-O b5 16. Nd4 Rxd4 17. Qe3 Bb7 18. Kb1 Rd5 19. Qxc5 Rxc5 20. Be4 Rc4 21. Bf3 Na5 22. Bxb7 Nxb7 23. g3 Rd8 24. Rxd8+ Nxd8 25. Rd1 Nc6 26. Rd7 h5 27. Kc2 Kf8 28. Rb7 h4 29. Kd2 Rc5 30. gxh4 Rd5+ 31. Ke3 a5 32. b3 Ne7 33. c4 bxc4 34. bxc4 Nf5+ 35. Ke2 Rd4 36. c5 Rc4 37. Rc7 Nxh4 38. Kd3 Rc1 39. Kd2 Rc4 40. Kd3 Rxf4 41. c6 Rf3+ 42. Kd2 Rf2+ 43. Kd3 Nf5 44. Ra7 Rf3+ 45. Kd2 Ne7 46. c7 Rf4 47. Ra8+ Kg7 48. Re8 Rc4 49. Rxe7 g5 50. Rd7 Rc6 51. Ke3 Kg6 52. Ke4 Rc4+ 53. Kd3 Rc5 54. Kd4 Rc1 55. Ke4 g4 56. Kf4 Rc4+ 57. Kg3 Kg5 58. Rxf7 Rc3+ 59. Kf2 a4 60. a3 Rc2+ 61. Ke3 Rc3+ 62. Kd4 Rc1 63. Kd3 Rc6 64. Kd4 Rc1 65. Ke3 Rc3+ 66. Kd2 Rc5 67. Re7 Kf5 68. Rg7 Kxe5 69. Rxg4 Rxc7 70. Rxa4 Rh7 71. h4 Kf5 72. Rb4 e5 73. Ke3 Rc7 74. a4 Rc3+ 75. Kd2 Ra3 76. h5 Rh3 77. a5 Rxh5 78. a6 Rh7 79. Rb7 Rh8 80. a7 Ra8 81. Kd3 Ke6 82. Kc4 Kd6 83. Kb5 e4 84. Kb6 Kd5 85. Rb8 Rxa7 86. Kxa7 e3 87. Re8 Kd4 88. Kb6 Kd3 89. Kb5 e2 90. Kb4 Kd2 91. Rd8+ Kc1 92. Re8 Kd1 93. Rd8+ Kc1 94. Rc8+ Kd1 95. Rd8+ Kc1 1/2-1/2


[Site "https://www.chess.com"]

[Event "Titled Tuesday Blitz July 26 Early 2022"]
[White "Navarrete Mendez, Gonzalo Alberto"]
[Black "Ulasevich, Sergei"]
[WhiteFideId "5106850"]
[BlackFideId "13505629"]
[WhiteElo "2261"]
[BlackElo "2151"]
[Result "0-1"]
[Round "04"]
[TimeControl "180+1"]
[Date "2022.07.27"]
[WhiteClock "0:00:02"]
[BlackClock "0:00:09"]

1. e4 e6 2. d4 d5 3. Nc3 Nf6 4. Bg5 h6 5. Bxf6 Qxf6 6. exd5 Bb4 7. dxe6 Bxe6 8. Nf3 Nc6 9. a3 Bxc3+ 10. bxc3 O-O 11. Be2 Qg6 12. Qd2 Na5 13. Ne5 Qxg2 14. O-O-O Qd5 15. Rdg1 Kh8 16. c4 Qd6 17. Qxa5 Qxd4 18. Nd3 Bxc4 19. Rg4 Qa1+ 20. Kd2 Qxh1 21. Rxc4 Qxh2 22. Qxc7 Qh1 23. Rg4 Qd5 24. Qg3 Rg8 25. Qe5 Qd7 26. Qf4 Rad8 27. Kc1 Qe7 28. Kb2 Qxe2 29. Ne5 Qb5+ 30. Kc1 Qf1+ 31. Kb2 Qb5+ 32. Kc1 Qd5 33. Qf5 Rgf8 34. Kb2 Qb5+ 35. Ka2 Qd5+ 36. Kb2 Rde8 37. Ng6+ fxg6 38. Qxd5 Rf6 39. Qd4 Rb6+ 40. Kc1 Rc8 41. Kd2 Rbc6 42. Ke2 Rxc2+ 43. Kf1 R2c6 44. Qd7 Rf8 45. Qxb7 Rcf6 46. Qxa7 Kh7 47. Qe3 Rf3 48. Qd4 Rxa3 49. Kg2 Ra6 50. Qe4 Raf6 51. Qd4 R8f7 52. Rg3 Rf8 53. Rd3 R8f7 54. Rc3 Rf8 55. Rc5 R8f7 56. Rd5 Rf4 57. Qc5 R4f6 58. Qd4 Rf4 59. Qd2 Rg4+ 60. Kf1 Rgf4 61. Ke1 Re4+ 62. Kd1 Ref4 63. Rd6 Rxf2 64. Qd3 Rf1+ 65. Kc2 R7f2+ 66. Kb3 Rf3 67. Kc4 Rxd3 68. Rxd3 Rf6 69. Kd4 g5 70. Ke5 Kg6 71. Rd7 h5 72. Rd1 h4 73. Rg1 Kh5 74. Rh1 g4 0-1


[Site "https://www.chess.com"]

[Event "Titled Tuesday Blitz July 26 Early 2022"]
[White "Nazari, Arad"]
[Black "Aggelis, Nikolaos"]
[WhiteFideId "12577324"]
[BlackFideId "4213220"]
[WhiteElo "2129"]
[BlackElo "2154"]
[Result "1-0"]
[Round "04"]
[TimeControl "180+1"]
[Date "2022.07.27"]
[WhiteClock "0:00:49"]
[BlackClock "0:00:01"]

1. e4 c6 2. Nf3 d5 3. Nc3 Bg4 4. h3 Bxf3 5. Qxf3 e6 6. Be2 Nd7 7. O-O Ne7 8. d3 Ng6 9. Qg3 Qh4 10. Qxh4 Nxh4 11. Be3 Bc5 12. d4 Bb4 13. exd5 cxd5 14. Nb5 O-O 15. Bd3 a6 16. a3 Be7 17. Nc3 Rfc8 18. Ne2 g6 19. Ng3 Nf5 20. Nxf5 gxf5 21. g4 fxg4 22. hxg4 Nb6 23. b3 Nd7 24. f4 Bf6 25. Kf2 Rc6 26. Rh1 Nf8 27. Rh5 Rac8 28. Rc1 Rc3 29. Ke2 Be7 30. a4 Bf6 31. Kd2 R3c7 32. Rch1 b6 33. f5 e5 34. g5 Bh8 35. f6 e4 36. Bxa6 Rxc2+ 37. Kd1 R8c3 38. Bd2 Rc6 39. Bb7 Rc7 40. Bxd5 Ra2 41. Bc4 Ng6 42. Rxh7 1-0


[Site "https://www.chess.com"]

[Event "Titled Tuesday Blitz July 26 Early 2022"]
[White "Ohanyan, Emin"]
[Black "Guzman, Christopher"]
[WhiteFideId "13312022"]
[BlackFideId "6405096"]
[WhiteElo "1927"]
[BlackElo "2244"]
[Result "1-0"]
[Round "04"]
[TimeControl "180+1"]
[Date "2022.07.26"]
[WhiteClock "0:00:06"]
[BlackClock "0:00:06"]

1. e4 c6 2. d4 d5 3. Nc3 dxe4 4. Nxe4 Nf6 5. Nxf6+ exf6 6. Bd3 Bd6 7. Qh5 g6 8. Qh6 Bf8 9. Qe3+ Qe7 10. Ne2 Qxe3 11. Bxe3 Bg7 12. h4 h5 13. O-O-O Nd7 14. c4 Nb6 15. Nc3 O-O 16. c5 Nd5 17. Nxd5 cxd5 18. b4 Re8 19. Kd2 Bd7 20. Ra1 f5 21. f4 Bf6 22. Bf2 Ba4 23. Rhe1 a6 24. Rxe8+ Rxe8 25. Rc1 Kf8 26. Rc3 Bb5 27. g3 Re6 28. Ra3 Bc6 29. Rb3 Ba4 30. Ra3 Bc6 31. b5 axb5 32. Rb3 Ke8 33. Bxb5 Kd7 34. a4 Bd8 35. Be3 Ba5+ 36. Kd3 Kc7 37. Rb1 Re8 38. Rb2 Be1 39. Rg2 Ba5 40. Bd2 Bxd2 41. Rxd2 Re4 42. Rd1 Bd7 43. Bxd7 Kxd7 44. Rb1 Kc7 45. Rb6 Re6 46. a5 Rc6 47. Kc3 Kb8 48. Kb4 Kc7 49. Kb5 Re6 50. Rxe6 fxe6 51. Kb4 Kc6 52. Ka4 Kd7 53. Kb5 Kc7 54. a6 bxa6+ 55. Kxa6 Kc6 56. Ka5 Kc7 57. Kb5 Kb7 58. c6+ Kc8 59. Kb6 e5 60. fxe5 f4 61. gxf4 g5 62. fxg5 Kb8 63. Kc5 Kc7 1-0


[Site "https://www.chess.com"]

[Event "Titled Tuesday Blitz July 26 Early 2022"]
[White "Oparin, Grigoriy"]
[Black "Pichot, Alan"]
[WhiteFideId "24125890"]
[BlackFideId "110973"]
[WhiteElo "2639"]
[BlackElo "2579"]
[Result "1/2-1/2"]
[Round "04"]
[TimeControl "180+1"]
[Date "2022.07.26"]
[WhiteClock "0:00:09"]
[BlackClock "0:00:03"]

1. d4 Nf6 2. c4 e6 3. Nf3 d5 4. g3 Be7 5. Bg2 O-O 6. O-O dxc4 7. Qc2 a6 8. a4 Bd7 9. Qxc4 Bc6 10. Bg5 a5 11. Nbd2 Na6 12. Rfd1 Nb4 13. Bxf6 Bxf6 14. e3 g6 15. Ne1 Bxg2 16. Nxg2 c6 17. Nf4 Bg7 18. Qe2 Qe7 19. Nc4 Rfd8 20. Nd3 Nxd3 21. Rxd3 e5 22. dxe5 Rxd3 23. Qxd3 Bxe5 24. Rd1 Bf6 25. b3 Rd8 26. Qxd8+ Qxd8 27. Rxd8+ Bxd8 28. e4 Bc7 29. f4 f6 30. Kf2 Kf7 31. f5 b5 32. Nb2 Be5 33. Nd3 Bd4+ 34. Kf3 Ke7 35. fxg6 hxg6 36. h4 bxa4 37. bxa4 c5 38. Nf4 Kf7 39. g4 c4 40. Nd5 Ke6 41. Nf4+ Kf7 42. h5 gxh5 43. gxh5 Be5 44. Nd5 Kg7 45. Ne3 c3 46. Nf5+ Kh7 47. Ke2 Kg8 48. Kd3 Kh7 49. Kc2 Kg8 50. Ne7+ Kh7 51. Nc6 Bc7 52. Kxc3 Kh6 53. Kd4 Kxh5 54. Kd5 Kg4 55. Nd4 Be5 56. Nb3 Bc3 57. Kc4 Be1 58. Nc5 Kf3 59. Kd3 Bb4 60. Nd7 Be7 61. Nb6 Bd8 62. Nd5 Kg4 63. Kd4 Kf3 64. Kd3 Kg4 65. Kc4 Kf3 66. Kd4 Kg4 67. Ke3 Kg3 68. Ke2 Kg4 69. Ne3+ Kf4 70. Kd3 Kf3 71. Nc2 Kf4 72. Nd4 Kg4 73. Ke2 Bb6 74. Ne6 f5 75. exf5 Kxf5 76. Nf8 Bc5 77. Nd7 Bd6 78. Nb6 Bc7 79. Nc4 Ke6 80. Kd3 Kd5 81. Nd2 Kc5 82. Kc3 Be5+ 1/2-1/2


[Site "https://www.chess.com"]

[Event "Titled Tuesday Blitz July 26 Early 2022"]
[White "Ozer, Omer Faruk"]
[Black "Drygalov, Andrey"]
[WhiteFideId "6354564"]
[BlackFideId "24171735"]
[WhiteElo "2050"]
[BlackElo "2531"]
[Result "0-1"]
[Round "04"]
[TimeControl "180+1"]
[Date "2022.07.26"]
[WhiteClock "0:00:10"]
[BlackClock "0:00:36"]

1. e4 c5 2. Nf3 d6 3. d4 cxd4 4. Nxd4 Nf6 5. Nc3 a6 6. Bc4 e6 7. Bb3 Nbd7 8. f4 Nc5 9. e5 Nfd7 10. O-O dxe5 11. fxe5 Nxe5 12. Kh1 Be7 13. Bf4 Ng6 14. Bg3 Nxb3 15. axb3 O-O 16. Ndb5 Bd7 17. Nd6 Bc6 18. Qd3 Qd7 19. Rad1 Rad8 20. Qe3 Bxd6 21. Bxd6 Bxg2+ 22. Kxg2 Qc6+ 23. Ne4 Rfe8 24. Rd4 f5 25. Rc4 Qd5 26. Rd4 Qb5 27. c4 Qc6 28. Rfd1 e5 29. Rd5 fxe4 30. Kg3 Nf4 31. Rxe5 Rxe5 32. Qxf4 Rxd6 0-1


[Site "https://www.chess.com"]

[Event "Titled Tuesday Blitz July 26 Early 2022"]
[White "Ozkan, Taha"]
[Black "Mitrabha, Guha"]
[WhiteFideId "34577173"]
[BlackFideId "5057000"]
[WhiteElo "2024"]
[BlackElo "2499"]
[Result "0-1"]
[Round "04"]
[TimeControl "180+1"]
[Date "2022.07.27"]
[WhiteClock "0:00:48"]
[BlackClock "0:00:42"]

1. d4 Nf6 2. Nf3 b6 3. c4 Bb7 4. g3 g6 5. Bg2 Bg7 6. O-O O-O 7. Nc3 Ne4 8. Qc2 Nxc3 9. bxc3 d6 10. e4 Nd7 11. Re1 e5 12. Ba3 Re8 13. Rad1 c5 14. dxe5 dxe5 15. Bh3 Bc6 16. Rd6 Qc7 17. Red1 Rad8 18. Qd2 Bf8 19. Rxc6 Qxc6 20. Bxd7 Qc7 21. Bxe8 Rxd2 22. Rxd2 Bd6 23. Rd5 f6 24. Bc1 Kf8 25. Bb5 Ke7 26. h4 Qc8 27. Kg2 Qg4 28. Ba4 Qxe4 29. Bb3 a5 30. Be3 a4 31. Bxa4 Qxc4 32. Bb3 Qe4 33. Bd1 Qxd5 34. Be2 Qxa2 35. Nd2 f5 36. Bc4 Qc2 37. Bg5+ Kd7 38. Bb5+ Kc7 39. c4 f4 40. Nf3 e4 41. Nh2 f3+ 42. Kg1 Bxg3 43. Ng4 Qd1# 0-1


[Site "https://www.chess.com"]

[Event "Titled Tuesday Blitz July 26 Early 2022"]
[White "Pap, Gyula"]
[Black "Janaszak, Dawid"]
[WhiteFideId "725323"]
[BlackFideId "1119206"]
[WhiteElo "2553"]
[BlackElo "2199"]
[Result "1-0"]
[Round "04"]
[TimeControl "180+1"]
[Date "2022.07.26"]
[WhiteClock "0:00:05"]
[BlackClock "0:00:04"]

1. d4 Nf6 2. c4 c5 3. d5 b5 4. Qc2 b4 5. e4 d6 6. a3 g6 7. axb4 cxb4 8. Bd2 b3 9. Qxb3 Nxe4 10. Bc3 Nxc3 11. Qxc3 Rg8 12. c5 Bg7 13. Bb5+ Kf8 14. Qd2 dxc5 15. Ne2 Bb7 16. Nbc3 Nd7 17. O-O Nb6 18. Rfd1 Qc7 19. Qe3 a6 20. Bc6 Nc8 21. Qxc5 Nd6 22. Nd4 Bf6 23. b4 Kg7 24. Rac1 Rgb8 25. h3 Qd8 26. Na4 Bc8 27. Bxa8 Rxa8 28. Nc6 Qe8 29. Re1 Bb7 30. Nb6 Bxc6 31. dxc6 Ra7 32. Qxd6 Bb2 33. Qc5 Bxc1 34. Rxc1 e5 35. c7 1-0


[Site "https://www.chess.com"]

[Event "Titled Tuesday Blitz July 26 Early 2022"]
[White "Papasimakopoulos, Alexandros"]
[Black "Pakleza, Zbigniew"]
[WhiteFideId "4244125"]
[BlackFideId "1119290"]
[WhiteElo "2340"]
[BlackElo "2467"]
[Result "0-1"]
[Round "04"]
[TimeControl "180+1"]
[Date "2022.07.26"]
[WhiteClock "0:00:04"]
[BlackClock "0:00:07"]

1. d4 d6 2. Nf3 Bg4 3. c4 c6 4. Qb3 Qb6 5. Qd1 Nf6 6. Nbd2 d5 7. e3 e6 8. Be2 Nbd7 9. O-O Be7 10. a3 O-O 11. h3 Bf5 12. Nh4 Be4 13. Nxe4 Nxe4 14. Nf3 f5 15. Qc2 Qd8 16. b4 a6 17. Rb1 Bd6 18. a4 Qe7 19. b5 axb5 20. axb5 g5 21. Nd2 Ndf6 22. Re1 g4 23. hxg4 fxg4 24. Bd3 Nxf2 25. Kxf2 Ne4+ 26. Ke2 Rf2+ 27. Kd1 Ra2 28. Bxe4 Rxc2 29. Bxc2 Bb4 30. Re2 Rf8 31. c5 Ba5 32. bxc6 bxc6 33. Bd3 e5 34. Kc2 e4 35. Ba6 Qa7 36. Bb7 Rf6 37. Nb3 Qxb7 38. Nxa5 Qa6 39. Rd2 Qxa5 40. Rb7 Qa4+ 41. Kb1 Rf7 42. Rb8+ Kg7 43. Rdb2 Ra7 44. R8b6 Kg6 45. Rb8 h5 46. Rg8+ Rg7 47. Rgb8 Qc4 48. R8b6 Qd3+ 49. Rc2 Rc7 50. Kb2 h4 51. Rb8 h3 52. gxh3 gxh3 53. Rb6 Qxc2+ 54. Kxc2 h2 55. Rb8 h1=Q 56. Rg8+ Rg7 57. Rc8 Qg2+ 58. Kb3 Rb7+ 0-1


[Site "https://www.chess.com"]

[Event "Titled Tuesday Blitz July 26 Early 2022"]
[White "Paravyan, David"]
[Black "Bryakin, Mikhail"]
[WhiteFideId "4194985"]
[BlackFideId "4165314"]
[WhiteElo "2569"]
[BlackElo "2422"]
[Result "0-1"]
[Round "04"]
[TimeControl "180+1"]
[Date "2022.07.26"]
[WhiteClock "0:00:12"]
[BlackClock "0:01:24"]

1. e4 c5 2. Nf3 d6 3. d4 Nf6 4. Nc3 cxd4 5. Nxd4 g6 6. Be3 Bg7 7. f3 O-O 8. Qd2 d5 9. e5 Ne8 10. f4 f6 11. e6 f5 12. O-O-O Nf6 13. Nf3 Nc6 14. Nxd5 Nxd5 15. Qxd5 Qxd5 16. Rxd5 Bxe6 17. Bc4 Bxd5 18. Bxd5+ Kh8 19. Ng5 Bf6 20. Ne6 Rfc8 21. c3 Rab8 22. Rd1 b6 23. Bb3 Na5 24. Bd5 Nc4 25. Bxc4 Rxc4 26. Rd7 Re4 27. Kd2 Rxe6 28. Rxa7 b5 29. Bc5 Kg8 30. g3 Kf7 31. Rd7 h6 32. a3 g5 33. Be3 Re4 34. Kd3 Re6 35. Rd5 Rd6 0-1


[Site "https://www.chess.com"]